Introsp3ctive, neutral female human Priestess ------------- ------ ---------- |...........|###############-....| |.........# |...........| #|....| #.........|# |...........| ######.....| ###---|------# |...........| #|.....# # # # |.....>...... #.....|# ### ### # -----@------- #------# # # # #d ## # ### ### # # ## #### # # # ## ### # # # ## #### # ### ################`##*############## # ----- #----- -----|-- ###############`#################+...| #....| |.....>| ######################` # |...| |...| |......| #----------------# ##-...| |...| |......| #|..............|# |...| |...| +.......#####|...............# |<..| |.{.| -------- |..............| |...| ----- ---------------- ----- Introsp3ctive the Aspirant Experience level: 2 Strength: 10 Dexterity: 13 Constitution: 12 Intelligence: 10 Wisdom: 18 Charisma: 9 Health: 0(18) Energy: 26(32) Def: 3 Gold: 243 Moves: 1093 Dungeon seed: nJGdUzz0IcY58ADx Game ID: Introsp3ctive_1470203438 Your Inventory: Coins $ - 243 gold pieces Weapons a - a blessed +1 mace (weapon in hand) Armor e - an uncursed +0 robe (being worn) n - an uncursed +0 small shield (being worn) Comestibles c - an uncursed clove of garlic d - an uncursed sprig of wolfsbane v - 4 uncursed food rations w - an uncursed carrot z - an uncursed partly eaten food ration Scrolls k - an uncursed scroll of amnesia t - an uncursed scroll of enchant armor u - an uncursed scroll of food detection x - a blessed scroll of enchant weapon Spellbooks f - an uncursed spellbook of create monster g - an uncursed spellbook of healing i - an uncursed spellbook of confuse monster j - a cursed spellbook of knock Potions b - 4 potions of holy water l - an uncursed potion of sickness m - an uncursed potion of monster detection s - a cursed potion of gain level Rings p - an uncursed ring of invisibility r - an uncursed ring of teleport control Tools o - an uncursed blindfold Spells and supernatural/magical abilities: Name Level Category Fail Memory h - healing 1 healing 0% 95% O - create monster 2 clerical 0% 95% W - pray for help -- divine ? -- X - turn undead -- divine ? -- Your skills at the end: Fighting Skills Weapon Skills mace [Basic] Spellcasting Skills clerical spells [Basic] Final Attributes: You were fervently aligned. You are dead. Vanquished creatures: a homunculus an iguana 2 giant rats a gecko a jackal a fox 2 goblins 4 sewer rats a grid bug a lichen 2 kobold zombies 2 newts 19 creatures vanquished. Voluntary challenges: You were an atheist. You used a wielded weapon 12 times, starting on turn 28. You were illiterate. You never genocided any monsters. You never polymorphed an object. You never changed form. You used no wishes. You never split a pudding. You never wrote Elbereth's name. You never violated your personal moral code. Dungeon overview: The Dungeons of Doom: levels 1 to 4 Level 1 a long staircase Level 2 a fountain Level 3 a delicatessen, an altar to Mercury, a fountain Level 4 <- You were here a fountain a long staircase History has recorded: On T:1 you entered the Dungeons of Doom to retrieve the Amulet of Yendor! On T:15 you reached level 2 of The Dungeons of Doom. On T:456 you reached level 3 of The Dungeons of Doom. On T:746 you reached level 4 of The Dungeons of Doom. On T:778 you advanced to experience level 2. Score breakdown: Gold: 243 ( 8121 points) Experience: 2 levels ( 5570 points) Exploration: 4 levels ( 8.00%) ( 7423 points) Discoveries: 0 items ( 0.00%) ( 0 points) Valuables value: (no points given unless you survive) Artifact value: 0 ( 0 points) Variety of kills: 12 monsters ( 3.15%) ( 5324 points) Turncount: 1093 turns ( 0 points) Survival: died (score multiplied by 80%) Total score: 21150 Latest messages: v - an uncursed food ration. The homunculus bites! You hear some noises. The homunculus bites! (2x) Sparks fly as you whack the wall. Your mace vibrates violently! The homunculus bites! You fail to cast the spell correctly. The homunculus bites! The homunculus is killed! You fail to cast the spell correctly. You fail to cast the spell correctly. You feel less confused now. There is a doorway here. You see here an uncursed homunculus corpse. Ecch - that must have been poisonous! You die... Final status: Goodbye Introsp3ctive the Priestess, killed by a poisonous corpse... You died in The Dungeons of Doom on dungeon level 4 with 21150 points, and 243 pieces of gold, after 1093 moves. You were level 2 with a maximum of 18 hit points when you died.